 Dungeon Crawl Stone Soup version 0.20.1-1-g8b1a95d (webtiles) character file.

4172 GatoGirl327Ga the Martial Artist (level 10, -6/80 HPs)
             Began as a Green Draconian Monk on Nov 26, 2017.
             Was a High Priest of Cheibriados.
             Mangled by laijerome's ghost (19 damage)
             ... on level 8 of the Dungeon.
             The game lasted 00:49:27 (8374 turns).

GatoGirl327Ga the Martial Artist (DrMo)             Turns: 8374, Time: 00:49:27

Health: -6/80      AC: 15    Str: 25    XL:     10   Next: 7%
Magic:  10/10      EV: 19    Int: 22    God:    Cheibriados [*****.]
Gold:   364        SH:  0    Dex: 27    Spells: 9/9 levels left

rFire    . . .     SeeInvis .     - Unarmed
rCold    . . .     Gourm    .   (no shield)
rNeg     . . .     Faith    .   (armour unavailable)
rPois    +         Spirit   .   (helmet restricted)
rElec    .         Reflect  .   z - +1 cloak
rCorr    .         Harm     .   (no gloves)
MR       +....                  (no boots)
Stlth    ++++......             (no amulet)
Regen    0.3/turn               e - +6 ring of protection
MPRegen  0.2/turn               o - ring of protection from magic

@: very slow
A: breathe noxious fumes, unfitting armour, poison resistance, cold-blooded, AC
+7
a: Breathe Noxious Fumes, Bend Time, Temporal Distortion, Slouch, Step From
Time, Renounce Religion


You were on level 8 of the Dungeon.
You worshipped Cheibriados.
Cheibriados was extremely pleased with you.
You were not hungry.

You visited 2 branches of the dungeon, and saw 9 of its levels.

You collected 364 gold pieces.

Inventory:

Armour
 k - a scarf of spirit shield
 z - a +1 cloak (worn)
Jewellery
 e - a +6 ring of protection (left hand)
 o - a ring of protection from magic (right hand)
Wands
 b - a wand of acid (11/15)
 m - a wand of disintegration (16/24)
 v - a wand of lightning (7/15)
 y - a wand of disintegration (14/24)
Scrolls
 l - a scroll of noise
 q - a scroll of immolation
 s - 5 scrolls of identify
 w - 3 scrolls of amnesia
Potions
 c - 3 potions of flight
 f - 2 potions of berserk rage
 g - a potion of magic
 h - 2 potions of curing
 i - 2 potions of brilliance
 n - a potion of cancellation
 p - 2 potions of lignification
Books
 r - a book of Changes

   Spells                             Type                      Level
   a - Beastly Appendage              Transmutation                1
   b - Sticks to Snakes               Transmutation                2
   c - Spider Form                    Transmutation/Poison         3
   d - Ice Form                       Ice/Transmutation            4
   e - Blade Hands                    Transmutation                5
Comestibles
 a - 6 bread rations
 d - 4 meat rations
 j - 4 royal jellies
 t - 2 fruits
 u - 3 chunks of flesh


   Skills:
 + Level 4.8 Fighting
 * Level 6.5 Dodging
 * Level 6.9 Stealth
 * Level 11.0 Unarmed Combat
 + Level 0.4 Invocations
 + Level 0.4 Evocations


You had 9 spell levels left.
You didn't know any spells.

Dungeon Overview and Level Annotations

Branches:
Dungeon (8/15)             Temple (1/1) D:4
   Lair: D:8-11

Altars:
Ashenzari
Cheibriados
Dithmenos
Elyvilon
Fedhas
Gozag
Hepliaklqana
Kikubaaqudgha
Makhleb
Nemelex Xobeh
Okawaru
Qazlal
Ru
Sif Muna
Trog
Uskayaw
Vehumet
Xom
Yredelemnul
Zin
The Shining One

Annotations:
D:8 laijerome's ghost, novice MiBe


Innate Abilities, Weirdness & Mutations

You can breathe blasts of noxious fumes.
Your lurid green scales are hard. (AC +7)
You cannot fit into any form of body armour.
Your system is resistant to poisons. (rPois)
You are cold-blooded and may be slowed by cold attacks.


Message History

Laijerome's ghost completely misses you.
Laijerome's ghost yells, "Who would have thought, even in death it is a pleasure to sever!"
Laijerome's ghost hits you!!
You feel sick. Laijerome's ghost misses you. Laijerome's ghost hits you!!
* * * LOW HITPOINT WARNING * * *
Okay, then.
Okay, then.
As you read the scroll of fog, it crumbles to dust.
The scroll dissolves into smoke.
Laijerome's ghost hits you but does no damage.
You feel sick.
Laijerome's ghost completely misses you.
Laijerome's ghost hits you!
* * * LOW HITPOINT WARNING * * *
You are lethally poisoned!
* * * LOW HITPOINT WARNING * * *
You feel sick. Laijerome's ghost misses you.
You feel better. Laijerome's ghost hits you!!
You die...

#.......####.##############
#...>...'..................
#.......###################
##......# ###.<#.# ######
#..#)###....############
###.)......§..............
#.........§§§........# #.
#...)....@W§§§§.[....# #.
#...)....§§§§§§......####.
#........§§§§§§...........
##.(.....§####§...........
#........# ########.....
..........# #.....
....######## #..... .....
#...). ..... ######


You could see laijerome's ghost.

Vanquished Creatures
  Maurice (D:7)
  A centaur skeleton (D:7)
  A hippogriff (D:7)
  A spriggan (D:7)
  2 ice beasts
  2 sky beasts
  A black bear (D:4)
  2 orc warriors
  2 ogres (D:7)
  A phantom (D:5)
  5 centaurs
  3 bullfrogs
  A wyvern skeleton (D:8)
  A scorpion (D:7)
  A water moccasin skeleton (D:6)
  3 killer bees (D:7)
  3 wights (D:7)
  4 howler monkeys
  An electric eel (D:7)
  A bullfrog zombie (D:5)
  A centaur zombie (D:6)
  2 crimson imps
  6 hounds
  3 jellies
  3 orc priests
  5 orc wizards
  5 iguanas
  5 worker ants
  2 hound zombies
  2 worker ant zombies
  5 adders
  A shadow imp (D:7)
  An ooze (D:5)
  3 worms
  3 dart slugs
  7 leopard geckos
  29 orcs
  2 ball pythons (D:4)
  12 bats
  6 giant cockroaches
  5 goblins
  8 hobgoblins
  15 jackals
  14 kobolds
  2 quokkas (D:2)
  5 frilled lizards
  A giant cockroach zombie (D:5)
  A leopard gecko skeleton (D:4)
  A quokka skeleton (D:5)
  11 rats
  3 plants (D:5)
206 creatures vanquished.

Vanquished Creatures (collateral kills)
  2 killer bees (D:7)
2 creatures vanquished.

Vanquished Creatures (others)
  8 fungi (D:5)
8 creatures vanquished.

Grand Total: 216 creatures vanquished

Notes
Turn   | Place    | Note
-------+----------+-------------------------------------------
     0 | D:1      | GatoGirl327Ga the Draconian Monk began the quest for the Orb.
     0 | D:1      | Reached XP level 1. HP: 19/19 MP: 1/1
    97 | D:1      | Reached XP level 2. HP: 21/26 MP: 2/2
   743 | D:1      | Reached XP level 3. HP: 33/33 MP: 3/3
  1462 | D:2      | Reached skill level 4 in Unarmed Combat
  1462 | D:2      | Reached XP level 4. HP: 40/40 MP: 4/4
  2323 | D:3      | Found a sacrificial altar of Ru.
  2814 | D:3      | Reached XP level 5. HP: 41/46 MP: 3/5
  3101 | D:4      | Reached skill level 5 in Unarmed Combat
  3700 | D:4      | Reached XP level 6. HP: 51/52 MP: 6/6
  3842 | D:4      | Found a staircase to the Ecumenical Temple.
  3852 | Temple   | Entered the Ecumenical Temple
  3907 | Temple   | Became a worshipper of Cheibriados the Contemplative
  3907 | Temple   | Reached * piety under Cheibriados
  3907 | Temple   | Reached ** piety under Cheibriados
  4374 | D:5      | Entered Level 5 of the Dungeon
  4410 | D:5      | Noticed an ice beast
  4489 | D:5      | Reached skill level 6 in Unarmed Combat
  4489 | D:5      | Your scales start taking on a lurid green colour.
  4489 | D:5      | Reached XP level 7. HP: 40/59 MP: 7/7
  4489 | D:5      | Gained mutation: Your system is resistant to poisons. (rPois) [Green Draconian growth]
  5240 | D:5      | Reached skill level 7 in Unarmed Combat
  5404 | D:5      | Found a blossoming altar of Fedhas.
  5697 | D:5      | Reached XP level 8. HP: 18/67 MP: 3/8
  5743 | D:5      | HP: 2/67 [ice beast (11)]
  5744 | D:5      | Reached *** piety under Cheibriados
  6333 | D:6      | Reached skill level 5 in Dodging
  6355 | D:6      | Reached skill level 8 in Unarmed Combat
  6863 | D:6      | Reached skill level 5 in Stealth
  7070 | D:7      | Reached skill level 9 in Unarmed Combat
  7129 | D:7      | Reached **** piety under Cheibriados
  7129 | D:7      | Reached XP level 9. HP: 68/72 MP: 9/9
  7132 | D:7      | Found an opulent altar of Gozag.
  7662 | D:7      | Reached skill level 10 in Unarmed Combat
  7881 | D:8      | Noticed Maurice
  7892 | D:7      | Killed Maurice
  8046 | D:8      | Reached XP level 10. HP: 57/80 MP: 10/10
  8156 | D:8      | Reached ***** piety under Cheibriados
  8212 | D:8      | Reached skill level 11 in Unarmed Combat
  8330 | D:8      | Noticed a two-headed ogre
  8363 | D:8      | Noticed laijerome's ghost (novice MiBe)
  8374 | D:8      | Mangled by laijerome's ghost

Skill      XL: |  1  2  3  4  5  6  7  8  9 10 |
---------------+-------------------------------+-----
Dodging        | 3 4 5 6 |  6.5
Stealth        | 2 3 4 5 6 |  6.9
Unarmed Combat | 4 5 6 7 9 10 11 | 11.0
Fighting       | 4 |  4.8
Invocations    | |  0.4
Evocations     | |  0.4

Action                   |  1- 3 |  4- 6 |  7- 9 | 10-12 || total
-------------------------+-------+-------+-------+-------++-------
Melee: Unarmed           |   159 |   240 |   345 |    22 ||   766
       Tailslap          |    20 |    33 |    66 |     8 ||   127
       Punch             |     4 |     8 |    20 |     2 ||    34
Invok: Bend Time         |       |     1 |       |       ||     1
 Abil: Breathe Noxious F |       |       |    13 |     1 ||    14
Evoke: Wand              |       |       |     2 |       ||     2
  Use: Scroll            |     2 |     8 |     8 |     1 ||    19
       Potion            |       |       |     3 |     1 ||     4
 Stab: Sleeping          |     8 |     5 |    12 |       ||    25
       Distracted        |       |     3 |       |       ||     3
       Confused          |       |       |     5 |     1 ||     6
  Eat: Chunk             |     2 |     4 |     3 |       ||     9
       Bread ration      |       |     1 |     2 |       ||     3
Armor: Skin              |    50 |    88 |    91 |     8 ||   237
Dodge: Dodged            |    85 |   164 |   239 |    15 ||   503
